 Dungeon Crawl Stone Soup version 0.31-a0-455-g1a7b003ef0 (webtiles) character file.

Game seed: 2633560169533854599

46 pokeman the Magician (level 3, 0/20 HPs)
             Began as a Deep Elf Hedge Wizard on Aug 3, 2023.
             Slain by a river rat (6 damage)
             ... on level 3 of the Dungeon.
             The game lasted 00:03:34 (2152 turns).

pokeman the Magician (Deep Elf Hedge Wizard)        Turns: 2152, Time: 00:03:34

Health: 0/20       AC:  4    Str:  7    XL:     3   Next: 44%
Magic:  4/11       EV: 12    Int: 20    God:
Gold:   144        SH:  0    Dex: 14    Spells: 4/12 levels left

rFire   . . .        a - +0 dagger
rCold   . . .        (no shield)
rNeg    . . .        b - +0 robe
rPois   .            c - +0 hat
rElec   .            o - +0 cloak
rCorr   .            (no gloves)
SInv    .            g - +0 pair of boots
Will    .....        (no amulet)
Stlth   +            (no ring)
HPRegen 0.23/turn    (no ring)
MPRegen 0.12/turn

%: no passive effects
@: very slow
A: no striking features
a: no special abilities


You were on level 3 of the Dungeon.
You visited 1 branch of the dungeon, and saw 3 of its levels.

You collected 144 gold pieces.

Inventory:

Hand Weapons
 a - a +0 dagger (weapon)
Armour
 b - a +0 robe (worn)
 c - a +0 hat (worn)
 g - a +0 pair of boots (worn)
 o - a +0 cloak (worn)
Magical Staves
 j - a staff of cold
Jewellery
 h - a ring of fire
 r - an amulet of guardian spirit
Scrolls
 e - a scroll of vulnerability {unknown}
 i - 2 scrolls of fog {unknown}
 l - a scroll of teleportation {unknown}
 m - a scroll of identify {unknown}
 p - a scroll of immolation {unknown}
Potions
 d - a potion of magic
 f - a potion of lignification {unknown}
 k - a potion of mutation {unknown}
 n - 2 potions of enlightenment {unknown}
 q - a potion of attraction {unknown}
 s - a potion of invisibility {unknown}


   Skills:
 + Level 0.9 Fighting
 - Level 1.0 Armour
 + Level 2.4 Dodging
 - Level 2.4 Stealth
 * Level 5.2 Spellcasting
 + Level 1.8 Conjurations
 - Level 1.1 Summonings
 - Level 1.1 Translocations


You had 4 spell levels left.
You knew the following spells:

 Your Spells              Type           Power      Damage    Failure   Level
a - Magic Dart            Conj           48%        1d5       5%          1
b - Mephitic Cloud        Conj/Pois/Air  7%         N/A       26%         3
c - Call Imp              Summ           18%        N/A       11%         2
d - Blink                 Tloc           18%        N/A       11%         2

Your spell library contained the following spells:

 Spells                   Type           Power      Damage    Failure   Level
 Necrotise                Necr           20%        1d5       12%         1
 Slow                     Hex            20%        N/A       12%         1
 Cigotuvi's Dreadful Rot  Necr/Pois/Air  10%        N/A       17%         2
 Inner Flame              Hex/Fire       5%         N/A       34%         3
 Vampiric Draining        Necr           5%         2d6       34%         3
 Manifold Assault         Tloc           9%         N/A       56%         4
 Agony                    Necr           5%         N/A       97%         5
 Yara's Violent Unravell  Hex/Tmut       2%         3d3       97%         5
 Enfeeble                 Hex            2%         N/A       100%        7


Dungeon Overview and Level Annotations

Branches:
Dungeon (3/15)

Altars:

Portals:
Sewer: D:3


Message History

The river rat appears confused.
The river rat misses you.
Unknown command.
You hit the river rat but do no damage.
The river rat is engulfed in noxious fumes.
The river rat appears confused.
The river rat bites you!
Unknown command.
Casting: Mephitic Cloud (extremely dangerous; 26% risk of failure)
Confirm with . or Enter, or press ? or * to list all spells.
Aiming: Magic Dart (safe; 5% risk of failure)
Press: ? - help, Shift-Dir - straight line, f - river rat, p - river rat
Aim: a river rat (100% to hit)
The magic dart hits the river rat but does no damage.
The river rat barely misses you.
The river rat is engulfed in noxious fumes.
The river rat appears confused.
The river rat closely misses you.
You enter the shallow water.
Moving in this stuff is going to be slow.
The rat splashes around in the water.
The rat barely misses you. The river rat bites you.
The river rat is engulfed in noxious fumes.
The river rat appears confused.
The river rat bites you.
* * * LOW HITPOINT WARNING * * *
Casting: Magic Dart (safe; 5% risk of failure)
Confirm with . or Enter, or press ? or * to list all spells.
The spell is extremely dangerous to miscast (26% risk of failure)!
Continue anyway?
Aiming: Mephitic Cloud (extremely dangerous; 26% risk of failure)
Press: ? - help, Shift-Dir - straight line, f - kobold, p - river rat
Aim: a kobold, wielding a +0 club (chance to affect: 96%)
The ball explodes into a vile cloud!
The stinking cloud engulfs the kobold but does no damage.
The stinking cloud engulfs the river rat but does no damage.
You hear a bark!
The rat bites the river rat.
The rat bites itself.
The rat is killed!
The rat misses you.
The river rat is engulfed in noxious fumes.
The river rat appears confused.
The river rat bites the river rat.
The kobold is engulfed in noxious fumes.
The kobold appears confused.
The river rat bites you.
You die...

# #..
.....#####
#......g.######
#.##.#.○○K@~~∩#
#.#.rrr~~#
#.....~~~#
#.#...~~~#
#.#....~~#
#.####.#.# ..
.#.# .#.#


You could see 2 river rats, a hobgoblin, a kobold (confused) and a rat.

Vanquished Creatures
  2 dart slugs
  6 endoplasms
  2 giant cockroaches (D:2)
  3 goblins
  4 jackals (D:1)
  4 kobolds
  4 quokkas
  4 ball pythons
  3 bats
  2 frilled lizards (D:2)
  3 rats
37 creatures vanquished.

Notes
Turn   | Place    | Note
-------+----------+-------------------------------------------
     0 | D:1      | pokeman the Deep Elf Hedge Wizard began the quest for the
                  | Orb.
     0 | D:1      | Reached XP level 1. HP: 10/10 MP: 7/7
   370 | D:1      | Reached XP level 2. HP: 13/16 MP: 3/9
   464 | D:1      | Found a faded altar of an unknown god.
   935 | D:1      | Reached skill level 5 in Spellcasting
  1294 | D:2      | Reached XP level 3. HP: 20/20 MP: 9/11
  1298 | D:2      | Learned a level 3 spell: Mephitic Cloud
  1301 | D:2      | Learned a level 2 spell: Call Imp
  1304 | D:2      | Learned a level 2 spell: Blink
  1981 | D:2      | Reached skill level 1 in Armour
  2145 | D:3      | Found a glowing drain.
  2152 | D:3      | Slain by a river rat

Illustrated notes

Levels and vault maps discovered:
D:1:      heliophobic_arrival_glass_houses, layout_loops_ring,
          ebering_ecumenical_altar_abandoned, nicolae_kite_square_tiling_tiny,
          minmay_small_reverse_x
D:2:      layout_loops_ring
D:3:      layout_basic, general_overflow_altar, minitemple,
          gammafunk_temple_overflow_claw, portal_sewer_entry_b, serial_rivers,
          chequers_serial_rivers_micro_e, chequers_serial_rivers_large_a,
          chequers_serial_rivers_micro_b, chequers_serial_rivers_small_b,
          chequers_serial_rivers_marsh, chequers_serial_rivers_micro_d

Skill      XL: |  1  2  3 |
---------------+----------+-----
Spellcasting   | 5 |  5.2
Armour         | 1 |  1.0
Fighting       | |  0.9
Dodging        | |  2.4
Stealth        | |  2.4
Conjurations   | |  1.8
Summonings     | |  1.1
Translocations | |  1.1

Action                     || total
---------------------------++-------
  Melee: Dagger            ||    22
         Punch             ||     1
   Cast: Magic Dart        ||    93
         Mephitic Cloud    ||     2
 Armour: Robe              ||     2
  Dodge: Dodged            ||    29

Table legend: (Time is in decaauts)
 A = Elapsed time spent in this place.
 B = Non-inter-level travel time spent in this place.
 C = Inter-level travel time spent in this place.
 D = Time resting spent in this place.
 E = Time spent auto-exploring this place.
 F = Levels seen in this place.
 G = Mean time per level.
                   A        B        C        D        E       F      G
               +--------+--------+--------+--------+--------+-----+--------+
         Total |   2151 |   2082 |     69 |      0 |   1851 |   3 |  717.0 |
       Dungeon |   2151 |   2082 |     69 |      0 |   1851 |   3 |  717.0 |
               +--------+--------+--------+--------+--------+-----+--------+

Top non-repeatable levels by time:
     D:1: 1215 daAuts
     D:2: 929 daAuts
     D:3: 6 daAuts
